 Dungeon Crawl Stone Soup version 0.29.1-1-gd02db6906a (webtiles) character file.

Game seed: 17359662972020910404

98 101zpm the Magician (level 5, -2/35 HPs)
             Began as a Djinni Air Elementalist on Oct 3, 2022.
             Was an Initiate of Qazlal.
             Slain by a gnoll
             ... wielding a +0 club
              (11 damage)
             ... on level 5 of the Dungeon.
             The game lasted 00:03:16 (1612 turns).

101zpm the Magician (Djinni Air Elementalist)       Turns: 1612, Time: 00:03:16

Health: -2/35      AC:  2    Str:  7    XL:     5   Next: 1%
Gold:   60         EV: 12    Int: 18    God:    Qazlal [......] SH:  0 Dex: 14

rFire   + + .      SeeInvis .   (no weapon)
rCold   x . .      Faith    .   (no shield)
rNeg    . . .      Spirit   .   a - +0 robe
rPois   ∞          Reflect  .   (no helmet)
rElec   .          Harm     .   (no cloak)
rCorr   .          Rampage  .   (no gloves)
Will    .....                   (boots unavailable)
Stlth   ++........              (no amulet)
HPRegen 0.11/turn               (no ring)
MPRegen 0.00/turn               (no ring)

@: flying
A: sickness immunity, fire resistance 2, cold vulnerability 1, float, innate
caster, HP casting, extra vitality 1
a: Renounce Religion


You were on level 5 of the Dungeon.
You worshipped Qazlal.
Qazlal was noncommittal.
You visited 2 branches of the dungeon, and saw 6 of its levels.

You collected 60 gold pieces.

Inventory:

Armour
 a - a +0 robe (worn)
Scrolls
 d - 2 scrolls of brand weapon {unknown}
 e - a scroll of identify {unknown}
 f - a scroll of immolation {unknown}
Potions
 b - a potion of curing {unknown}
 c - a potion of mutation {unknown}


   Skills:
 + Level 2.6 Dodging
 + Level 2.0 Stealth
 + Level 3.8 Spellcasting


You couldn't memorise any spells.
You knew the following spells:

 Your Spells              Type           Power      Damage    Failure   Level
a - Shock                 Conj/Air       68%        1d7       3%          1
b - Static Discharge      Conj/Air       17%        3-6/arc   4%          2
c - Swiftness             Air            17%        N/A       10%         3
d - Airstrike             Air            8%         2d(2-18)  30%         4
e - Sting                 Tmut/Pois      68%        1d6       3%          1
f - Call Imp              Summ           17%        N/A       4%          2
Your spell library was empty.

Dungeon Overview and Level Annotations

Branches:
Dungeon (5/15)             Temple (1/1) D:4

Altars:
Ashenzari
Elyvilon
Gozag
Makhleb
Nemelex Xobeh
Qazlal
Ru
Trog
Uskayaw
Yredelemnul
Zin

Shops:
D:4 *   D:5 *


Innate Abilities, Weirdness & Mutations

You are immune to sickness and miasma.
You are immune to poison.
Your flesh is very heat resistant. (rF++)
You are vulnerable to cold. (rC-)
You float through the air rather than walking.
You learn spells naturally, not from books.
Your magical power is your life essence.
You have superior vitality. (+4 MHP)


Message History

The gnoll shouts!
Casting: Call Imp (safe; 4% risk of failure)
Confirm with . or Enter, or press ? or * to list all spells.
A beastly little devil appears in a puff of flame.
The zap hits the gnoll.
The gnoll is lightly wounded.
The zap hits the gnoll but does no damage.
The gnoll is lightly wounded.
The gnoll drinks a potion.
The gnoll goes berserk!
The zap hits the gnoll but does no damage.
The gnoll is lightly wounded.
The zap hits the gnoll but does no damage.
The gnoll is lightly wounded.
Your crimson imp hits the gnoll.
The zap hits the gnoll.
The gnoll is heavily wounded.
The gnoll hits you but does no damage. The gnoll attacks as you move away!
The gnoll hits you with a +0 club!
You see here a +0 flail.
The gnoll closely misses you.
Your crimson imp blinks!
The zap hits the gnoll.
The gnoll is severely wounded.
The zap misses the gnoll.
The gnoll misses you.
The zap hits the gnoll but does no damage.
The gnoll is severely wounded.
The zap hits the gnoll but does no damage.
The gnoll is severely wounded.
The gnoll hits you with a +0 club!
* * * LOW HITPOINT WARNING * * *
The gnoll closely misses you.
Aiming: Shock (safe; 3% risk of failure)
Press: ? - help, Q - select action, (/) - cycle Shift-Dir - straight line, f/p - gnoll
Aim: a gnoll, wielding a +0 club and wearing a +0 plate armour (severely wounded, berserk, 86% to hit)
The zap hits the gnoll.
The gnoll is severely wounded.
The zap misses the gnoll.
* * * LOW HITPOINT WARNING * * *
The gnoll hits you with a +0 club!
You die...

########## #..g@....#
#.######.### ...
####.#.#### #....
#.........# .......
#.........# #
###......#.........#.#..
.................#.#..
........#................
...#................


You could see a gnoll (berserk).

Vanquished Creatures
  A hound (D:5)
  A jelly (D:4)
  An adder (D:4)
  A gnoll (D:5)
  A worm (D:4)
  4 endoplasms
  A giant cockroach (D:1)
  2 goblins
  2 quokkas
  A ball python (D:1)
  A kobold (D:3)
  4 rats
20 creatures vanquished.

Notes
Turn   | Place    | Note
-------+----------+-------------------------------------------
     0 | D:1      | 101zpm the Djinni Air Elementalist began the quest for the
                  | Orb.
     0 | D:1      | 101zpm set off with the following spells memorised: Shock,
                  | Static Discharge, Swiftness, Airstrike.
     0 | D:1      | Reached XP level 1. HP: 15/15 MP: 0/0
   256 | D:1      | Reached XP level 2. HP: 19/21 MP: 0/0
   593 | D:4      | Reached skill level 3 in Spellcasting
   593 | D:4      | Reached XP level 3. HP: 21/25 MP: 0/0
   593 | D:4      | Learned a level 1 spell: Sting
   671 | D:4      | Reached XP level 4. HP: 24/31 MP: 0/0
   774 | D:4      | Found Etrufig's Overcharged Wands.
   822 | D:4      | Found a staircase to the Ecumenical Temple.
   849 | Temple   | Entered the Ecumenical Temple
  1188 | Temple   | Became a worshipper of Qazlal Stormbringer
  1289 | D:5      | Entered Level 5 of the Dungeon
  1323 | D:5      | Found Posaigh's Elemental Accessories.
  1465 | D:5      | Reached XP level 5. HP: 22/35 MP: 0/0
  1465 | D:5      | Learned a level 2 spell: Call Imp
  1612 | D:5      | Slain by a gnoll

Illustrated notes

Levels and vault maps discovered:
D:1:      scummos_arrival_gate, layout_basic, ebering_ecumenical_altar_ruins
D:2:      layout_rooms, grunt_decor_mini_mirrors, kennysheep_boxes
D:3:      layout_rooms, lemuel_tele_altar, serial_shops, shop,
          wad_floor_pattern_untrapped, minmay_randomly_rotated_circles
D:4:      layout_loops_ring, kennysheep_mini_moat,
          minmay_temple_entry_statues_fountains, nicolae_shop_overcharged_wands
D:5:      layout_basic, riverfiend_overflow_shadow_ancestor, glass_columns_c,
          dk_noncrumbling_2, nicolae_elemental_shop
Temple:   minmay_temple_curvy_branch

Skill      XL: |  1  2  3  4 |
---------------+-------------+-----
Spellcasting   | 3 |  3.8
Stealth        | 2 |  2.0
Dodging        | |  2.6

Action                   |  1- 3 |  4- 6 || total
-------------------------+-------+-------++-------
 Cast: Shock             |    36 |    26 ||    62
       Sting             |       |     3 ||     3
       Call Imp          |       |     2 ||     2
Armor: Robe              |     1 |     2 ||     3
Dodge: Dodged            |     1 |     7 ||     8
